 Dungeon Crawl Stone Soup version 0.21-a0-154-gb5400c9 (webtiles) character file.

76 Goblin1989 the Ruffian (level 4, -3/35 HPs)
             Began as a Centaur Transmuter on Aug 2, 2017.
             Slain by an orc
             ... wielding a +0 short sword
              (5 damage)
             ... on level 3 of the Dungeon.
             The game lasted 00:08:40 (2909 turns).

Goblin1989 the Ruffian (Centaur Transmuter)         Turns: 2909, Time: 00:08:41

Health: -3/35      AC:  5    Str: 19    XL:     4   Next: 12%
Magic:  6/6        EV:  9    Int: 12    God:
Gold:   154        SH:  0    Dex:  9    Spells: 2/6 levels left

rFire    . . .     SeeInvis +     - Unarmed
rCold    . . .     Gourm    .   (no shield)
rNeg     . . .     Faith    .   F - +0 ring mail
rPois    .         Spirit   .   (no helmet)
rElec    .         Reflect  .   (no cloak)
rCorr    +         Harm     .   (no gloves)
MR       .....                  (no barding)
Stlth    ..........             r - amulet of regeneration
HPRegen  0.51/turn              s - ring of see invisible
MPRegen  0.10/turn              g - ring of resist corrosion

@: mighty, slowed
A: hooves 3, deformed body, speed 2, tough skin 3
a: no special abilities


You were on level 3 of the Dungeon.
You were not hungry.

You visited 1 branch of the dungeon, and saw 3 of its levels.

You collected 154 gold pieces.

Inventory:

Missiles
 a - 12 arrows
 u - 5 tomahawks (quivered)
 I - 22 stones
Armour
 F - a +0 ring mail (worn)
Jewellery
 g - a ring of resist corrosion (right hand)
 r - an amulet of regeneration (around neck)
 s - a ring of see invisible (left hand)
Scrolls
 f - 5 scrolls of enchant armour {unknown}
 w - a scroll of identify {unknown}
 y - 2 scrolls of enchant weapon {unknown}
 z - 3 scrolls of teleportation {unknown}
 E - a scroll of fog {unknown}
Potions
 A - a potion of might
 C - a potion of degeneration {unknown}
 J - a potion of heal wounds {unknown}
Books
 c - a book of Changes

   Spells                             Type                      Level
   a - Beastly Appendage              Transmutation                1
   b - Sticks to Snakes               Transmutation                2
   c - Spider Form                    Transmutation/Poison         3
   d - Ice Form                       Ice/Transmutation            4
   e - Blade Hands                    Transmutation                5
Comestibles
 e - 2 bread rations {@e1}
 x - 2 royal jellies
 D - a meat ration {@e2}
 G - 2 chunks of flesh
 H - 7 fruits


   Skills:
 + Level 1.2 Fighting
 + Level 0.9 Armour
 + Level 1.9 Dodging
 * Level 4.2 Unarmed Combat
 + Level 1.6 Spellcasting
 + Level 1.8 Transmutations


You had 2 spell levels left.
You knew the following spells:

 Your Spells              Type           Power        Failure   Level  Hunger
a - Beastly Appendage     Tmut           #.....       22%         1    ##.....
b - Spider Form           Tmut/Pois      #.........   69%         3    ####...


Dungeon Overview and Level Annotations

Branches:
Dungeon (3/15)

Altars:
Dithmenos
Kikubaaqudgha


Innate Abilities, Weirdness & Mutations

You have hooves in place of feet.
Armour fits poorly on your strangely shaped body.
You cover ground very quickly.
You have extremely tough skin. (AC +3)


Message History

An ogre is nearby!
Unknown command.
Found a shadowy altar of Dithmenos.
Unknown command.
You are feeling hungry.
Eating one of 6 chunks of flesh.
You eat one of the 6 chunks of flesh.
This raw flesh tastes terrible.
The ogre shouts!
The ogre is too close now for your liking.
An orc comes into view. It is wielding a dagger.
The orc shouts!
An orc comes into view. It is wielding a hand axe.
The orc shouts!
An orc comes into view. It is wielding a short sword.
Some of the chunks of flesh in your inventory have rotted away.
An orc comes into view.
An orc wizard comes into view. It is wielding a dagger.
The orc wizard shouts! 2 orcs come into view.
The orc wizard casts a spell.
The orc wizard blinks!
The orc shouts!
A rat and an ooze come into view.
The ooze quivers.
You hit the orc but do no damage. You kick the orc.
The orc is heavily wounded.
The orc hits you but does no damage.
Your ring mail prevents you from hitting the orc.
The orc is heavily wounded.
The orc closely misses you.
You hit the orc.
You kill the orc!
The orc hits you but does no damage.
You hit the orc wizard.
The orc wizard is heavily wounded.
The orc wizard hits you but does no damage.
The orc hits you with a hand axe. The orc hits you with a short sword.
You take 2 damage, and have 33/35 hp.
Unknown command.
Your ring mail prevents you from hitting the orc wizard.
The orc wizard is heavily wounded.
The orc wizard hits you with a dagger.
You take 2 damage, and have 31/35 hp.
You hit the orc wizard but do no damage.
Your kick misses the orc wizard.
The orc wizard is moderately wounded.
The orc hits you with a hand axe! The orc barely misses you.
The orc wizard points at you and mumbles some strange words.
You feel yourself slow down.
You take 7 damage, and have 24/35 hp.
You barely miss the orc wizard.
The orc wizard is moderately wounded.
The orc hits you with a short sword. The orc closely misses you.
The orc wizard mumbles some strange words.
The orc wizard blinks!
The orc hits you but does no damage.
You take 4 damage, and have 20/35 hp.
Unknown command.
You hit the ooze. You kick the ooze.
The ooze is severely wounded.
The orc hits you with a hand axe. The ooze barely misses you.
The orc barely misses you. The orc hits you but does no damage.
The ooze barely misses you.
You hit the ooze but do no damage.
The ooze is severely wounded.
The orc hits you but does no damage. The orc hits you with a hand axe.
The ooze misses you. The orc hits you with a short sword.
You take 4 damage, and have 16/35 hp.
You barely miss the ooze.
The ooze is severely wounded.
The ooze hits you.
* * * LOW HITPOINT WARNING * * *
The orc hits you with a hand axe.
* * * LOW HITPOINT WARNING * * *
The orc hits you with a short sword.
* * * LOW HITPOINT WARNING * * *
You take 8 damage, and have 8/35 hp.
MASSIVE DAMAGE!!
You hit the ooze. You kick the ooze.
You kill the ooze!
The orc closely misses you. The orc hits you with a short sword.
* * * LOW HITPOINT WARNING * * *
The orc hits you but does no damage.
You take 2 damage, and have 6/35 hp.
Unknown command.
You closely miss the rat. Your kick misses the rat.
The rat bites you but does no damage. The orc barely misses you.
The orc hits you but does no damage. The rat bites you but does no damage.
The orc barely misses you.
Unknown command.
You hit the rat. Your kick misses the rat.
The rat is moderately wounded.
The rat bites you but does no damage. The orc hits you but does no damage.
The orc hits you with a short sword.
* * * LOW HITPOINT WARNING * * *
You take 5 damage, and have 2/35 hp.
It was a potion of might.
You feel very mighty all of a sudden.
The orc wizard gestures wildly while chanting.
The orc wizard blinks!
The rat bites you but does no damage. The orc hits you but does no damage.
The orc hits you with a short sword.
You die...

███.█ █ █.██ █ █..████ .█
█ ██....██.████ █
████.██.██.█ . █
█.██.██.█ ... █..█.██.███
█.... ██.█.██ooo██......
█ █...██.█o@r§.....
█████████....o████......
........██..o███.....████
........██....█.........
............O.o..█....██
.............o...o)...█
...........█..........█
........█............█


█████ ...[.................█ █...█ You could see 4 orcs and a rat.

Vanquished Creatures
  An adder (D:2)
  2 oozes
  A leopard gecko (D:2)
  4 orcs
  5 giant cockroaches
  3 goblins
  11 hobgoblins
  4 jackals
  A quokka (D:3)
  4 bats
  2 frilled lizards
  6 kobolds
  2 rats
46 creatures vanquished.

Notes
Turn   | Place    | Note
-------+----------+-------------------------------------------
     0 | D:1      | Goblin1989 the Centaur Transmuter began the quest for the Orb.
     0 | D:1      | Reached XP level 1. HP: 16/16 MP: 3/3
   422 | D:1      | Reached XP level 2. HP: 13/23 MP: 4/4
  1489 | D:2      | Found a faded altar of an unknown god.
  1552 | D:2      | Reached XP level 3. HP: 26/28 MP: 5/5
  1903 | D:2      | Reached skill level 4 in Unarmed Combat
  2054 | D:2      | Found an ancient bone altar of Kikubaaqudgha.
  2387 | D:3      | Noticed an ogre
  2492 | D:2      | Learned a level 3 spell: Spider Form
  2579 | D:3      | Reached XP level 4. HP: 35/35 MP: 6/6
  2817 | D:3      | Found a shadowy altar of Dithmenos.
  2909 | D:3      | Slain by an orc

Vault maps used:
D:1:      dpeg_arrival_round_c
D:2:      lemuel_doored_altar, chequers_ecumenical_altar_grove, first_bread
D:3:      zin_purify, nicolae_qazlal_eye_of_the_storm, lemuel_round_altar

Skill      XL: |  1  2  3 |
---------------+----------+-----
Unarmed Combat | 4 |  4.2
Fighting       | |  1.2
Armour         | |  0.9
Dodging        | |  1.9
Spellcasting   | |  1.6
Transmutations | |  1.8

Action                   |  1- 3 |  4- 6 || total
-------------------------+-------+-------++-------
Melee: Unarmed           |   113 |    14 ||   127
       Kick              |    22 |     3 ||    25
       Punch             |     1 |       ||     1
Throw: Tomahawk          |     5 |       ||     5
  Use: Potion            |       |     1 ||     1
  Eat: Chunk             |     4 |     1 ||     5
Armor: Robe              |    15 |       ||    15
       Ring mail         |    20 |    14 ||    34
Dodge: Dodged            |    48 |    10 ||    58

Vault maps used:
D:1:      dpeg_arrival_round_c
D:2:      lemuel_doored_altar, chequers_ecumenical_altar_grove, first_bread
D:3:      zin_purify, nicolae_qazlal_eye_of_the_storm, lemuel_round_altar
